 Dungeon Crawl Stone Soup version 0.30.1 (webtiles) character file.

Game seed: 7148753990813212777

266 GimliDwarf the Chucker (level 6, -4/47 HPs)
             Began as a Gnoll Wanderer on July 6, 2023.
             Slain by Natasha (8 damage)
             ... on level 2 of the Dungeon.
             The game lasted 00:03:26 (1459 turns).

GimliDwarf the Chucker (Gnoll Wanderer)             Turns: 1459, Time: 00:03:27

Health: -4/47      AC:  4    Str: 17    XL:     6   Next: 20%
Magic:  11/11      EV: 11    Int: 10    God:
Gold:   57         SH:  0    Dex:  9    Spells: 11/11 levels left

rFire   . . .        r - +2 scythe (heavy)
rCold   . . .        (shield currently unavailable)
rNeg    . . .        e - +0 leather armour
rPois   .            g - +0 helmet
rElec   .            (no cloak)
rCorr   .            (no gloves)
SInv    .            (no boots)
Will    .....        q - amulet of regeneration
Stlth   +            (no ring)
HPRegen 1.07/turn    (no ring)
MPRegen 0.12/turn

%: no passive effects
@: no status effects
A: fangs 1, strong nose, distributed training
a: no special abilities


You were on level 2 of the Dungeon.
You visited 1 branch of the dungeon, and saw 2 of its levels.

You collected 57 gold pieces.

Inventory:

Hand Weapons
 a - a +2 spear
 c - a +0 dagger
 p - a +0 shortbow
 r - a +2 heavy scythe (weapon)
Missiles
 b - 5 boomerangs (quivered)
 o - 5 javelins
Armour
 e - a +0 leather armour (worn)
 g - a +0 helmet (worn)
Jewellery
 q - an amulet of regeneration (around neck)
Scrolls
 d - 2 scrolls of vulnerability
 f - 2 scrolls of enchant weapon {unknown}
 i - 2 scrolls of identify {unknown}
 k - a scroll of fear {unknown}
 l - 2 scrolls of poison {unknown}
 m - a scroll of butterflies {unknown}
 t - a scroll of blinking {unknown}
Potions
 h - 2 potions of mutation {unknown}
 j - 2 potions of degeneration {unknown}
 n - a potion of magic {unknown}
 s - a potion of attraction {unknown}


   Skills:
 + Level 3.2 Fighting
 + Level 1.9 Short Blades
 + Level 1.9 Long Blades
 + Level 1.9 Axes
 + Level 1.9 Maces & Flails
 + Level 5.0 Polearms
 + Level 1.9 Staves
 + Level 1.9 Ranged Weapons
 + Level 6.8 Throwing
 + Level 1.9 Armour
 + Level 1.9 Dodging
 + Level 1.9 Stealth
 + Level 1.9 Shields
 + Level 1.9 Unarmed Combat
 + Level 3.4 Spellcasting
 + Level 1.5 Conjurations
 + Level 1.5 Hexes
 + Level 1.5 Summonings
 + Level 1.5 Necromancy
 + Level 1.5 Translocations
 + Level 1.5 Transmutations
 + Level 1.5 Fire Magic
 + Level 1.5 Ice Magic
 + Level 5.6 Air Magic
 + Level 1.5 Earth Magic
 + Level 1.5 Poison Magic
 + Level 2.1 Invocations
 + Level 1.9 Evocations


You had 11 spell levels left.
You didn't know any spells.
Your spell library contained the following spells:

 Spells                   Type           Power      Damage    Failure   Level
 Static Discharge         Conj/Air       16%        2-3/arc   11%         2
 Cigotuvi's Dreadful Rot  Necr/Pois/Air  14%        N/A       14%         2


Dungeon Overview and Level Annotations

Branches:
Dungeon (2/15)

Altars:

Annotations:
D:2 Natasha


Innate Abilities, Weirdness & Mutations

You have very sharp teeth.
Your uncanny sense of smell can sniff out nearby items.
Your experience applies equally to all skills.


Message History

Natasha barely misses you. The cerulean imp barely misses you.
You barely miss Natasha.
Natasha is heavily wounded.
The cerulean imp hits you from afar with a +0 spear. x2
Natasha claws you.
The cerulean imp hits you with a +1 spear.
The cerulean imp misses you. The cerulean imp closely misses you.
Natasha stares at you and mumbles some strange words.
The magic dart hits you!
The cerulean imp hits you with a +1 spear.
* * * LOW HITPOINT WARNING * * *
You barely miss Natasha. You bite Natasha, but do no damage.
Natasha is heavily wounded.
The cerulean imp hits you from afar with a +0 spear.
The cerulean imp closely misses you. Natasha claws you.
* * * LOW HITPOINT WARNING * * *
The cerulean imp hits you but does no damage.
The cerulean imp hits you from afar with a +0 spear.
* * * LOW HITPOINT WARNING * * *
The cerulean imp hits you from afar with a +0 spear.
* * * LOW HITPOINT WARNING * * *
Natasha barely misses you.
Okay, then.
Okay, then.
The cerulean imp hits you from afar with a +1 spear.
* * * LOW HITPOINT WARNING * * *
Natasha wildly gestures.
Natasha glows brightly for a moment.
The cerulean imp hits you from afar with a +0 spear.
* * * LOW HITPOINT WARNING * * *
You closely miss Natasha.
Natasha is heavily wounded.
The cerulean imp barely misses you. Natasha claws you.
* * * LOW HITPOINT WARNING * * *
The cerulean imp misses you.
The cerulean imp hits you from afar with a +0 spear.
* * * LOW HITPOINT WARNING * * *
The cerulean imp hits you but does no damage.
Natasha claws you!
You die...

#.............#......# # ##
#.............#......# # .##
#.............#......# # ..##
#.............#......# # #..###
#....................# # ##...#
#....................# # ###.#
#.........55.รท.......##### #.#
#.........h5....<....##...
#.#######....@##'##......#..##
#..# #.<...# .+......#.##
##.######.....# #........#
#####....).#.....##########..##
......####.'...>.#......#
#.#### ......#
###.....#......###....# ......#
#.....#......#.+....# ......#
#.....#......#.#....# ......#
#.....#........#....#


You could see Natasha and 3 cerulean imps.

Vanquished Creatures
  Sigmund (D:2)
  Natasha (D:2)
  3 adders (D:2)
  A worm (D:2)
  3 dart slugs
  2 endoplasms (D:1)
  2 giant cockroaches
  8 goblins
  A hobgoblin (D:2)
  A quokka (D:1)
  3 ball pythons
  7 bats
  2 frilled lizards (D:2)
  6 kobolds
  4 rats
45 creatures vanquished.

Notes
Turn   | Place    | Note
-------+----------+-------------------------------------------
     0 | D:1      | GimliDwarf the Gnoll Wanderer began the quest for the Orb.
     0 | D:1      | GimliDwarf set off with the following items: a +2 spear, 6
                  | boomerangs, a +0 dagger, a scroll of vulnerability, a +0
                  | leather armour; and the following spells available to
                  | memorise: Static Discharge, Cigotuvi's Dreadful Rot.
     0 | D:1      | Reached XP level 1. HP: 17/17 MP: 4/4
    92 | D:1      | Reached XP level 2. HP: 23/23 MP: 5/5
   468 | D:1      | Reached XP level 3. HP: 22/28 MP: 7/7
   521 | D:1      | You fall into a shaft and drop 1 floor!
   691 | D:1      | Reached skill level 1 in Invocations
  1013 | D:2      | Reached skill level 1 in Short Blades
  1013 | D:2      | Reached skill level 1 in Long Blades
  1013 | D:2      | Reached skill level 1 in Axes
  1013 | D:2      | Reached skill level 1 in Maces & Flails
  1013 | D:2      | Reached skill level 1 in Staves
  1013 | D:2      | Reached skill level 1 in Ranged Weapons
  1013 | D:2      | Reached skill level 1 in Armour
  1013 | D:2      | Reached skill level 1 in Dodging
  1013 | D:2      | Reached skill level 1 in Stealth
  1013 | D:2      | Reached skill level 1 in Shields
  1013 | D:2      | Reached skill level 1 in Unarmed Combat
  1013 | D:2      | Reached skill level 1 in Evocations
  1125 | D:2      | Noticed Sigmund
  1128 | D:2      | Killed Sigmund
  1129 | D:2      | Reached skill level 1 in Conjurations
  1129 | D:2      | Reached skill level 1 in Hexes
  1129 | D:2      | Reached skill level 1 in Summonings
  1129 | D:2      | Reached skill level 1 in Necromancy
  1129 | D:2      | Reached skill level 1 in Translocations
  1129 | D:2      | Reached skill level 1 in Transmutations
  1129 | D:2      | Reached skill level 1 in Fire Magic
  1129 | D:2      | Reached skill level 1 in Ice Magic
  1129 | D:2      | Reached skill level 1 in Earth Magic
  1129 | D:2      | Reached skill level 1 in Poison Magic
  1129 | D:2      | Reached XP level 4. HP: 35/35 MP: 9/9
  1129 | D:2      | Reached XP level 5. HP: 41/41 MP: 10/10
  1152 | D:2      | Reached XP level 6. HP: 34/47 MP: 11/11
  1381 | D:2      | Noticed Natasha
  1395 | D:2      | Killed Natasha
  1396 | D:2      | Reached skill level 5 in Polearms
  1450 | D:2      | Noticed Natasha
  1459 | D:2      | Slain by Natasha

Illustrated notes

Levels and vault maps discovered:
D:1:      dpeg_arrival_houses_and_road, layout_basic, minmay_cut_off
D:2:      layout_basic, uniq_natasha, uniq_sigmund

Skill      XL: |  1  2  3  4  5  6 |
---------------+-------------------+-----
Invocations    | 2 |  2.1
Short Blades   | 1 |  1.9
Long Blades    | 1 |  1.9
Axes           | 1 |  1.9
Maces & Flails | 1 |  1.9
Staves         | 1 |  1.9
Ranged Weapons | 1 |  1.9
Armour         | 1 |  1.9
Dodging        | 1 |  1.9
Stealth        | 1 |  1.9
Shields        | 1 |  1.9
Unarmed Combat | 1 |  1.9
Evocations     | 1 |  1.9
Fighting       | 3 |  3.2
Spellcasting   | 3 |  3.4
Conjurations   | 1 |  1.5
Hexes          | 1 |  1.5
Summonings     | 1 |  1.5
Necromancy     | 1 |  1.5
Translocations | 1 |  1.5
Transmutations | 1 |  1.5
Fire Magic     | 1 |  1.5
Ice Magic      | 1 |  1.5
Earth Magic    | 1 |  1.5
Poison Magic   | 1 |  1.5
Polearms       | 5 |  5.0
Throwing       | |  6.8
Air Magic      | |  5.6

Action                     |  1- 3 |  4- 6 || total
---------------------------+-------+-------++-------
  Melee: Spear             |   110 |       ||   110
         Bite              |     8 |     2 ||    10
         Punch             |     2 |       ||     2
         Halberd           |       |    34 ||    34
  Throw: Boomerang         |     3 |       ||     3
   Stab: Sleeping          |       |     1 ||     1
 Armour: Leather armour    |    32 |    15 ||    47
  Dodge: Dodged            |    45 |    38 ||    83
